 Dungeon Crawl Stone Soup version 0.31.0-9-g3a7656b989 (webtiles) character file.

Game seed: 17376464152500725160

55217 qw the Spry (level 14, -6/72 HPs)
             Began as a Spriggan Hunter on Feb 2, 2024.
             Was a High Priest of Okawaru.
             Mangled by a skeletal warrior
             ... wielding a +0 war axe
              (9 damage)
             ... on level 12 of the Dungeon.
             The game lasted 00:02:19 (16368 turns).

qw the Spry (Spriggan Hunter)                      Turns: 16368, Time: 00:02:19

Health: -6/72      AC:  7    Str:  5    XL:     14   Next: 37%
Magic:  18/22      EV: 39    Int: 13    God:    Okawaru [*****.]
Gold:   823        SH:  0    Dex: 26    Spells: 13/13 levels left

rFire   + . .        f - +4 hand cannon of Ruiraus {elec, rC+ Str-2 Int+3 Dex+2}
rCold   + . .        (no shield)
rNeg    . . .        b - +2 robe "Muasoes" {rF+ Regen+ Slay+2 Stlth+}
rPois   +            (helmet restricted)
rElec   .            s - +2 cloak
rCorr   .            (gloves unavailable)
SInv    +            (boots unavailable)
Will    +++..        d - amulet of the acrobat
Stlth   +++          e - ring of poison resistance
HPRegen 1.12/turn    t - ring of willpower
MPRegen 0.18/turn

%: acrobat
@: about to teleport, finesse-ful, very quick
A: very small, no large weapons, unfitting armour, see invisible, speed 3
a: Renounce Religion, Heroism, Finesse, Duel


You were on level 12 of the Dungeon.
You worshipped Okawaru.
Okawaru was extremely pleased with you.
You visited 3 branches of the dungeon, and saw 18 of its levels.

You collected 1252 gold pieces.
You spent 429 gold pieces at shops.


Innate Abilities, Weirdness & Mutations

You are very small and have problems with some larger weapons.
You are too small for most types of armour.
You have supernaturally acute eyesight. (SInv)
You cover ground extremely quickly. (Speed+++)


   Skills:
 - Level 7.0 Fighting
 - Level 17.0 Ranged Weapons
 - Level 2.0 Armour
 + Level 18.5 Dodging
 - Level 1.5 Stealth
 - Level 10.0 Invocations


You had 13 spell levels left.
You didn't know any spells.
Your spell library was empty.

Inventory:

Hand Weapons
 f - the +4 hand cannon of Ruiraus (weapon) {elec, rC+ Str-2 Int+3 Dex+2}
   (You acquired it on level 2 of the Dungeon)

   Str-2:     It affects your strength (-2).
   Int+3:     It affects your intelligence (+3).
   Dex+2:     It affects your dexterity (+2).
   rC+:       It protects you from cold.
Armour
 a - +5 steam dragon scales
 b - the +2 robe "Muasoes" (worn) {rF+ Regen+ Slay+2 Stlth+}
   (Okawaru gifted it to you on level 5 of the Lair of Beasts)

   Slay+2:    It affects your accuracy & damage with ranged weapons and melee
   (+2).
   rF+:       It protects you from fire.
   Regen+:    It increases your rate of health regeneration.
   Stlth+:    It makes you more stealthy.
 s - a +2 cloak (worn)
Jewellery
 c - a ring of fire
 d - an amulet of the acrobat (around neck)
 e - a ring of poison resistance (left hand)
 h - a ring of poison resistance
 r - a ring of ice
 t - a ring of willpower (right hand)
 x - a ring of protection from cold
 y - a ring of protection from fire
 Y - a ring of resist corrosion
Wands
 i - a wand of mindburst (19)
 m - a wand of paralysis (8)
 q - a wand of roots (7)
 z - a wand of quicksilver (1)
Scrolls
 j - 2 scrolls of enchant weapon
 k - 5 scrolls of teleportation
Potions
 g - 4 potions of curing
 l - 2 potions of might
 n - 3 potions of heal wounds
 o - 4 potions of mutation
 p - 2 potions of haste
 u - 2 potions of cancellation
 v - a potion of resistance
 w - 3 potions of enlightenment

Dungeon Overview and Level Annotations

Branches:
Dungeon (12/15)            Temple (1/1) D:5            Lair (5/5) D:9
  Swamp (0/4) Lair:3       Spider (0/4) Lair:2        Slime (0/5) Lair:5
    Orc (0/2) D:10

Altars:
Ashenzari
Cheibriados
Dithmenos
Elyvilon
Fedhas
Gozag
Hepliaklqana
Kikubaaqudgha
Makhleb
Nemelex Xobeh
Okawaru
Qazlal
Ru
Sif Muna
Trog
Uskayaw
Vehumet
Wu Jian
Xom
Yredelemnul
Zin
The Shining One

Shops:
D:4 ?   D:7 ![   D:9 [

Portals:
Ice
Cave: D:11

Annotations:
D:2 1 runed translucent door, Crazy Yiuf
D:10 3 runed translucent doors, qw's ghost, novice DEHu


Message History

The bolt hits the skeletal warrior but does no damage.
Lightning courses through the skeletal warrior!!
You destroy the skeletal warrior!
Okawaru accepts your kill.
A meliai comes into view. It is wielding a +0 hand axe.
You shoot a bolt.
The bolt barely misses the skeletal warrior.
You shoot a bolt. The bolt hits the skeletal warrior!
The skeletal warrior is moderately damaged.
The meliai mumbles some strange prayers to its god against you.
Something smites you!
You shoot a bolt.
The bolt closely misses the skeletal warrior.
The bolt hits the skeletal warrior.
The skeletal warrior is heavily damaged.
The meliai calls down the wrath of its god upon you.
Something smites you!
You shoot a bolt.
The bolt barely misses the skeletal warrior.
The bolt hits the skeletal warrior!!
The skeletal warrior is almost destroyed.
You shoot a bolt.
The bolt hits the skeletal warrior but does no damage.
The meliai invokes the aid of its god against you.
Something smites you!
The boulder beetle leaps!
16367 ||| READING 6 scrolls of teleportation.
As you read the scroll of teleportation, it crumbles to dust.
You feel strangely unstable.
A meliai comes into view. It is wielding a +0 hand axe.
The skeletal warrior completely misses you.
16368 ||| DRINKING 4 potions of heal wounds.
You feel much better.
The meliai calls down the wrath of its god upon you.
Something smites you!
The meliai calls down the wrath of its god upon you.
Something smites you!
The meliai calls down the wrath of its god upon you.
Something smites you!
The skeletal warrior hits you with a +0 war axe!
You die...

#######
#..:..#
#.#.#.#
#....?#
#....###
#).#...#
#......######
#......'0@zz##
#.#.#..####zz#
#......# ##y#
#......#
#.y..z...
#......#
###......
#......#
..B...
+.....)# .....
#......# ####+
#......#


You could see a boulder beetle, 4 skeletal warriors and 2 meliai.

Vanquished Creatures
  Snorg (Lair:5)
  Fannar (D:11)
  2 hydras
  A catoblepas (D:11)
  2 boulder beetles (D:11)
  3 death yaks (Lair:5)
  A two-headed ogre (D:11)
  Nergalle (Lair:2)
  A skeletal warrior (D:12)
  A deep elf pyromancer (D:12)
  2 ugly things
  A will-o-the-wisp (Lair:3)
  2 cyclopes (D:11)
  17 elephants
  A black mamba (Lair:5)
  A torpor snail (Lair:5)
  10 cane toads
  Maggie (D:7)
  A rime drake (Lair:1)
  2 gargoyles (D:11)
  2 kobold demonologists (D:10)
  An unseen horror (D:11)
  5 komodo dragons
  A tengu conjurer (D:11)
  8 hornets
  A queen bee (D:10)
  5 trolls
  6 polar bears
  27 blink frogs
  5 dream sheep (Lair:4)
  Sigmund (D:3)
  3 jumping spiders (Lair:2)
  4 wraiths
  2 wyverns
  32 yaks
  13 spriggans (Lair:5)
  An unseen horror simulacrum (D:9)
  3 basilisks
  3 steam dragons
  4 acid dragons
  18 water moccasins
  3 black bears
  8 orc warriors
  9 ice beasts
  A sky beast (D:5)
  An ogre (D:6)
  29 wolves
  3 boggarts (Lair:5)
  6 centaurs
  3 phantoms
  A kobold brigand (D:10)
  15 bullfrogs
  5 scorpions
  11 wights
  31 killer bees
  4 electric eels
  4 howler monkeys
  4 gnoll boudas
  9 hounds
  2 jellies
  11 orc priests
  14 orc wizards
  7 iguanas
  23 hell rats
  A centaur simulacrum (D:9)
  2 howler monkey zombies (D:10)
  24 gnolls
  11 adders
  8 river rats (Lair:5)
  A shadow imp (D:6)
  8 white imps
  2 ufetubi (D:7)
  2 dart slugs
  2 ribbon worms
  59 orcs
  6 ball pythons
  7 endoplasms
  3 giant cockroaches
  10 hobgoblins
  2 jackals (D:1)
  2 quokkas
  6 bats
  4 frilled lizards
  3 goblins
  12 kobolds
  7 rats
583 creatures vanquished.

Vanquished Creatures (others)
  An orc wizard (D:10)
  10 foxfires (Lair:3)
11 creatures vanquished.

Grand Total: 594 creatures vanquished

Notes
Turn   | Place    | Note
-------+----------+-------------------------------------------
     0 | D:1      | qw the Spriggan Hunter began the quest for the Orb.
     0 | D:1      | Reached XP level 1. HP: 10/10 MP: 2/2
     0 | D:1      | 0 ||| qw: Version: 0.3-a-155-g5e7d8dd
     0 | D:1      | 0 ||| qw: Game counter: 1748
     0 | D:1      | 0 ||| qw: Melee chars always use a shield: true
     0 | D:1      | 0 ||| qw: God list: Okawaru
     0 | D:1      | 0 ||| qw: Allow faded altars: false
     0 | D:1      | 0 ||| qw: Do Orc after clearing Dungeon:15 true
     0 | D:1      | 0 ||| qw: Do second Lair branch before Depths: true
     0 | D:1      | 0 ||| qw: Lair rune preference: random
     0 | D:1      | 0 ||| qw: Goals: Normal
     0 | D:1      | 0 ||| PLANNING D:1-11
    35 | D:1      | Reached skill level 3 in Dodging
   144 | D:1      | Reached XP level 2. HP: 14/14 MP: 3/3
   236 | D:1      | Reached skill level 4 in Dodging
   859 | D:1      | Reached XP level 3. HP: 18/18 MP: 4/4
   864 | D:1      | 864 ||| READING scroll labelled ZEVIBL QEANUIT.
   867 | D:1      | 867 ||| READING scroll labelled YDOMUN POPSOC.
   868 | D:1      | 868 ||| DROPPING scroll of butterflies.
  1101 | D:2      | Found a shimmering altar of Xom.
  1148 | D:2      | Found a runed translucent door.
  1149 | D:2      | Noticed Crazy Yiuf
  1740 | D:2      | 1740 ||| UPGRADING to ring of poison resistance.
  1741 | D:2      | 1741 ||| READING 2 scrolls labelled PUIGOSTR CYULIOL.
  1742 | D:2      | 1742 ||| READING scroll labelled FAFITU UJEI.
  1742 | D:2      | Identified a scroll of acquirement
  1742 | D:2      | 1742 ||| ACQUIRING +4 hand cannon of Ruiraus {elec, rC+
                  | Str-2 Int+3 Dex+2}
  1742 | D:2      | Acquired the +4 hand cannon of Ruiraus {elec, rC+ Str-2
                  | Int+3 Dex+2}
  1744 | D:2      | 1744 ||| SWAPPING to +4 hand cannon of Ruiraus {elec, rC+
                  | Str-2 Int+3 Dex+2}.
  1745 | D:2      | 1745 ||| DROPPING +0 shortbow.
  1746 | D:2      | 1746 ||| READING scroll labelled TAKHUR MUPTU.
  1746 | D:2      | 1746 ||| IDENTIFYING murky puce potion
  1747 | D:2      | 1747 ||| DROPPING potion of lignification.
  1748 | D:2      | 1748 ||| DROPPING scroll of poison.
  1794 | D:3      | Found a blossoming altar of Fedhas.
  1794 | D:3      | Found a hide-covered altar of Uskayaw.
  1908 | D:3      | Reached XP level 4. HP: 22/22 MP: 5/5
  1970 | D:3      | Noticed Sigmund
  1976 | D:3      | Killed Sigmund
  1977 | D:3      | Reached skill level 7 in Dodging
  1977 | D:3      | Reached XP level 5. HP: 14/25 MP: 6/6
  2273 | D:3      | Found a faded altar of an unknown god.
  2327 | D:3      | Reached XP level 6. HP: 30/30 MP: 7/7
  2438 | D:3      | 2438 ||| READING scroll of identify.
  2438 | D:3      | 2438 ||| IDENTIFYING scroll labelled TOTAOR WARICLA
  2439 | D:3      | 2439 ||| READING scroll labelled WIOLOMUIJ.
  2439 | D:3      | 2439 ||| ENCHANTING +0 robe.
  2440 | D:3      | 2440 ||| DROPPING scroll of vulnerability.
  2816 | D:4      | Reached skill level 6 in Ranged Weapons
  2905 | D:4      | Reached XP level 7. HP: 26/35 MP: 8/8
  2967 | D:4      | Reached skill level 8 in Dodging
  3057 | D:4      | Found Hatui's Magic Scroll Shoppe.
  3063 | D:4      | 3063 ||| BUYING scroll of enchant armour (97 gold).
  3063 | D:4      | Bought a scroll of enchant armour for 97 gold pieces
  3063 | D:4      | 3063 ||| BUYING scroll of enchant weapon (97 gold).
  3063 | D:4      | Bought a scroll of enchant weapon for 97 gold pieces
  3063 | D:4      | 3063 ||| SHOPLISTING scroll of enchant weapon (97 gold,
                  | have 5).
  3063 | D:4      | 3063 ||| SHOPLISTING scroll of identify (26 gold, have 5).
  3286 | D:4      | 3286 ||| UPGRADING to amulet of the acrobat.
  3291 | D:4      | 3291 ||| UPGRADING to ring of resist corrosion.
  3292 | D:4      | 3292 ||| READING scroll of identify.
  3292 | D:4      | 3292 ||| IDENTIFYING fizzy silvery potion
  3293 | D:4      | 3293 ||| READING scroll labelled CAOGIO TUTT.
  3297 | D:5      | Entered Level 5 of the Dungeon
  3297 | D:5      | Found a staircase to the Ecumenical Temple.
  3298 | D:5      | 3298 ||| PLANNING TEMPLE
  3305 | Temple   | Entered the Ecumenical Temple
  3306 | Temple   | 3306 ||| PLANNING OKAWARU WORSHIP
  3324 | Temple   | Became a worshipper of Warmaster Okawaru
  3325 | Temple   | 3325 ||| PLANNING D:1-11
  3486 | D:5      | Reached * piety under Okawaru
  3487 | D:5      | Reached XP level 8. HP: 39/39 MP: 9/9
  3747 | D:5      | Reached skill level 1 in Invocations
  4072 | D:5      | Reached skill level 3 in Fighting
  4196 | D:5      | 4196 ||| READING scroll of identify.
  4196 | D:5      | 4196 ||| IDENTIFYING bubbling golden potion
  4563 | D:6      | Reached skill level 3 in Invocations
  4630 | D:6      | 4630 ||| READING 2 scrolls of identify.
  4630 | D:6      | 4630 ||| IDENTIFYING inky potion
  4631 | D:6      | 4631 ||| READING scroll of identify.
  4631 | D:6      | 4631 ||| IDENTIFYING bubbling clear potion
  4632 | D:6      | 4632 ||| READING scroll labelled WAUPNI MENUA.
  4703 | D:6      | 4703 ||| READING scroll labelled SIROWNOEFE.
  4721 | D:6      | Reached skill level 9 in Dodging
  4811 | D:6      | Reached ** piety under Okawaru
  4822 | D:6      | Noticed a red ugly thing
  4823 | D:6      | 4823 ||| INVOKING Heroism.
  4829 | D:6      | HP: 8/40 [red ugly thing (14)]
  4830 | D:6      | 4830 ||| READING 2 scrolls of teleportation.
  4831 | D:6      | 4831 ||| DRINKING potion of heal wounds.
  4833 | D:6      | Killed a red ugly thing
  4834 | D:6      | Reached skill level 9 in Ranged Weapons
  4834 | D:6      | Reached XP level 9. HP: 8/44 MP: 11/13
  5009 | D:6      | Identified the dragon-blood talisman "Seiggiun" {Int+3}
  5191 | D:6      | Reached skill level 10 in Dodging
  5335 | D:6      | Identified the +0 leather armour of Zunnion {*Slow rF+
                  | rCorr}
  5483 | D:6      | 5483 ||| UPGRADING to +0 steam dragon scales.
  5493 | D:6      | 5493 ||| DROPPING +1 robe.
  5494 | D:6      | 5494 ||| READING 3 scrolls of enchant armour.
  5494 | D:6      | 5494 ||| ENCHANTING +0 steam dragon scales.
  5495 | D:6      | 5495 ||| READING 2 scrolls of enchant armour.
  5495 | D:6      | 5495 ||| ENCHANTING +1 steam dragon scales.
  5496 | D:6      | 5496 ||| READING scroll of enchant armour.
  5496 | D:6      | 5496 ||| ENCHANTING +2 steam dragon scales.
  5497 | D:6      | 5497 ||| READING scroll labelled FEUREF HEALA.
  5547 | D:7      | Found Yrenuami's Distillery.
  5563 | D:7      | 5563 ||| BUYING 2 potions of mutation (160 gold).
  5563 | D:7      | Bought 2 potions of mutation for 160 gold pieces
  5563 | D:7      | 5563 ||| BUYING potion of curing (30 gold).
  5563 | D:7      | Bought a potion of curing for 30 gold pieces
  5563 | D:7      | 5563 ||| SHOPLISTING potion of curing (30 gold, have 19).
  5563 | D:7      | 5563 ||| SHOPLISTING potion of enlightenment (50 gold, have
                  | 19).
  5563 | D:7      | 5563 ||| SHOPLISTING potion of mutation (80 gold, have 19).
  5568 | D:7      | Noticed Maggie
  5569 | D:7      | 5569 ||| INVOKING Heroism.
  5577 | D:7      | Killed Maggie
  5578 | D:7      | Reached skill level 11 in Dodging
  5662 | D:7      | 5662 ||| INVOKING Heroism.
  5664 | D:7      | Reached skill level 1 in Armour
  5869 | D:7      | Found Fep Enn's Armour Emporium.
  5877 | D:7      | 5877 ||| SHOPLISTING scarf of resistance (480 gold, have
                  | 34).
  5947 | D:7      | 5947 ||| READING scroll of enchant armour.
  5947 | D:7      | 5947 ||| ENCHANTING +3 steam dragon scales.
  6056 | D:7      | Reached XP level 10. HP: 49/49 MP: 14/14
  6149 | D:7      | 6149 ||| READING scroll of identify.
  6149 | D:7      | 6149 ||| IDENTIFYING scroll labelled MAOMEOF MANYFO
  6150 | D:7      | 6150 ||| DROPPING scroll of fog.
  6231 | D:8      | Reached *** piety under Okawaru
  6232 | D:8      | Reached skill level 12 in Dodging
  6708 | D:8      | 6708 ||| RETREEEEATING.
  6723 | D:8      | Found a stormy altar of Qazlal.
  6994 | D:9      | 6994 ||| RETREEEEATING.
  6995 | D:9      | 6995 ||| RETREEEEATING.
  6996 | D:9      | Reached **** piety under Okawaru
  6998 | D:9      | Reached skill level 13 in Dodging
  7087 | D:9      | Found a staircase to the Lair.
  7212 | D:9      | 7212 ||| FLEEEEING.
  7513 | D:9      | 7513 ||| RETREEEEATING.
  7525 | D:9      | Reached skill level 6 in Invocations
  7526 | D:9      | Reached ***** piety under Okawaru
  7527 | D:9      | Reached XP level 11. HP: 52/53 MP: 16/16
  7586 | D:9      | Found Paahos's Armour Shop.
  7595 | D:9      | 7595 ||| BUYING +0 cloak (45 gold).
  7595 | D:9      | Bought a +0 cloak for 45 gold pieces
  7663 | D:9      | 7663 ||| INVOKING Finesse.
  7664 | D:9      | 7664 ||| INVOKING Heroism.
  7667 | D:9      | Reached skill level 12 in Ranged Weapons
  7737 | D:9      | 7737 ||| READING scroll of enchant armour.
  7737 | D:9      | 7737 ||| ENCHANTING +4 steam dragon scales.
  7760 | D:9      | 7760 ||| RETREEEEATING.
  8045 | D:9      | Found a bloodstained altar of Trog.
  8187 | D:9      | 8187 ||| PLANNING LAIR
  8187 | D:9      | 8187 ||| UPGRADING to +0 cloak.
  8192 | D:9      | 8192 ||| READING 3 scrolls of identify.
  8192 | D:9      | 8192 ||| IDENTIFYING dark potion
  8193 | D:9      | 8193 ||| READING 2 scrolls of identify.
  8193 | D:9      | 8193 ||| IDENTIFYING scroll labelled WEAFEWNY YSENG
  8194 | D:9      | 8194 ||| READING scroll of identify.
  8194 | D:9      | 8194 ||| IDENTIFYING scroll labelled EFYLIT PIARAST
  8195 | D:9      | 8195 ||| DROPPING scroll of revelation.
  8196 | D:9      | 8196 ||| DROPPING potion of invisibility.
  8197 | D:9      | 8197 ||| DROPPING scroll of immolation.
  8256 | Lair:1   | Entered Level 1 of the Lair of Beasts
  8257 | Lair:1   | 8257 ||| STAIRDANCE
  8304 | Lair:1   | 8304 ||| STAIRDANCE
  8313 | Lair:1   | 8313 ||| STAIRDANCE
  8326 | Lair:1   | 8326 ||| STAIRDANCE
  8336 | Lair:1   | 8336 ||| STAIRDANCE
  8997 | Lair:2   | 8997 ||| RETREEEEATING.
  8998 | Lair:2   | 8998 ||| RETREEEEATING.
  8999 | Lair:2   | 8999 ||| RETREEEEATING.
  9000 | Lair:2   | 9000 ||| RETREEEEATING.
  9018 | Lair:2   | Received a gift from Okawaru
  9020 | Lair:2   | Reached skill level 14 in Dodging
  9076 | Lair:2   | You fall into a shaft and drop 2 floors!
  9076 | Lair:4   | Noticed a four-headed hydra
  9077 | Lair:4   | 9077 ||| INVOKING Finesse.
  9082 | Lair:4   | Killed a four-headed hydra
  9141 | Lair:4   | Reached skill level 9 in Invocations
  9262 | Lair:4   | 9262 ||| RETREEEEATING.
  9263 | Lair:4   | 9263 ||| RETREEEEATING.
  9266 | Lair:4   | 9266 ||| RETREEEEATING.
  9267 | Lair:4   | 9267 ||| RETREEEEATING.
  9273 | Lair:4   | 9273 ||| RETREEEEATING.
  9274 | Lair:4   | 9274 ||| RETREEEEATING.
  9285 | Lair:4   | Received a gift from Okawaru
  9286 | Lair:4   | Reached XP level 12. HP: 47/60 MP: 20/20
  9379 | Lair:3   | Found a staircase to the Swamp.
  9382 | Lair:3   | 9382 ||| RETREEEEATING.
  9384 | Lair:3   | 9384 ||| RETREEEEATING.
  9385 | Lair:3   | 9385 ||| RETREEEEATING.
  9386 | Lair:3   | 9386 ||| RETREEEEATING.
  9387 | Lair:3   | 9387 ||| RETREEEEATING.
  9390 | Lair:3   | 9390 ||| RETREEEEATING.
  9394 | Lair:3   | 9394 ||| INVOKING Finesse.
  9528 | Lair:3   | 9528 ||| READING scroll of identify.
  9528 | Lair:3   | 9528 ||| IDENTIFYING silvery potion
  9538 | Lair:2   | Found a hole to the Spider Nest.
  9547 | Lair:2   | 9547 ||| RETREEEEATING.
  9548 | Lair:2   | 9548 ||| RETREEEEATING.
  9549 | Lair:2   | 9549 ||| INVOKING Finesse.
  9621 | Lair:2   | Reached skill level 15 in Dodging
  9633 | Lair:2   | 9633 ||| READING scroll of enchant armour.
  9633 | Lair:2   | 9633 ||| ENCHANTING +0 cloak.
  9817 | Lair:2   | Noticed Nergalle
  9826 | Lair:2   | 9826 ||| RETREEEEATING.
  9827 | Lair:2   | 9827 ||| RETREEEEATING.
  9829 | Lair:2   | 9829 ||| RETREEEEATING.
  9830 | Lair:2   | 9830 ||| RETREEEEATING.
  9831 | Lair:2   | 9831 ||| RETREEEEATING.
  9832 | Lair:2   | 9832 ||| RETREEEEATING.
  9833 | Lair:2   | 9833 ||| RETREEEEATING.
  9834 | Lair:2   | 9834 ||| RETREEEEATING.
  9835 | Lair:2   | 9835 ||| RETREEEEATING.
  9836 | Lair:2   | 9836 ||| RETREEEEATING.
  9837 | Lair:2   | 9837 ||| RETREEEEATING.
  9842 | Lair:2   | 9842 ||| RETREEEEATING.
  9844 | Lair:2   | 9844 ||| RETREEEEATING.
  9845 | Lair:2   | 9845 ||| RETREEEEATING.
  9846 | Lair:2   | 9846 ||| RETREEEEATING.
  9847 | Lair:2   | 9847 ||| RETREEEEATING.
  9848 | Lair:2   | 9848 ||| RETREEEEATING.
  9849 | Lair:2   | 9849 ||| RETREEEEATING.
  9850 | Lair:2   | 9850 ||| RETREEEEATING.
  9853 | Lair:2   | 9853 ||| RETREEEEATING.
  9855 | Lair:2   | 9855 ||| RETREEEEATING.
  9856 | Lair:2   | 9856 ||| RETREEEEATING.
  9857 | Lair:2   | 9857 ||| RETREEEEATING.
  9858 | Lair:2   | 9858 ||| RETREEEEATING.
  9859 | Lair:2   | 9859 ||| RETREEEEATING.
  9860 | Lair:2   | 9860 ||| RETREEEEATING.
  9861 | Lair:2   | 9861 ||| RETREEEEATING.
  9877 | Lair:2   | Killed Nergalle
  9877 | Lair:2   | Received a gift from Okawaru
 10410 | Lair:2   | 10410 ||| UPGRADING to ring of willpower.
 10412 | Lair:2   | 10412 ||| READING scroll of identify.
 10412 | Lair:2   | 10412 ||| IDENTIFYING orange potion
 10413 | Lair:2   | 10413 ||| DRINKING 2 fizzy white potions.
 10414 | Lair:2   | 10414 ||| DROPPING potion of berserk rage.
 10537 | Lair:3   | 10537 ||| RETREEEEATING.
 10538 | Lair:3   | 10538 ||| RETREEEEATING.
 10542 | Lair:3   | 10542 ||| INVOKING Finesse.
 10702 | Lair:3   | 10702 ||| RETREEEEATING.
 10704 | Lair:3   | 10704 ||| RETREEEEATING.
 10706 | Lair:3   | 10706 ||| RETREEEEATING.
 10707 | Lair:3   | 10707 ||| RETREEEEATING.
 10716 | Lair:3   | 10716 ||| RETREEEEATING.
 10720 | Lair:3   | Reached skill level 6 in Fighting
 11525 | Lair:3   | 11525 ||| READING scroll of identify.
 11525 | Lair:3   | 11525 ||| IDENTIFYING 2 blue potions
 11526 | Lair:3   | 11526 ||| DRINKING 2 white potions.
 11527 | Lair:3   | 11527 ||| DROPPING 2 potions of ambrosia.
 11629 | Lair:4   | 11629 ||| RETREEEEATING.
 11630 | Lair:4   | 11630 ||| RETREEEEATING.
 11631 | Lair:4   | 11631 ||| RETREEEEATING.
 11632 | Lair:4   | 11632 ||| RETREEEEATING.
 11633 | Lair:4   | 11633 ||| RETREEEEATING.
 11634 | Lair:4   | 11634 ||| RETREEEEATING.
 11635 | Lair:4   | 11635 ||| RETREEEEATING.
 11636 | Lair:4   | 11636 ||| RETREEEEATING.
 11637 | Lair:4   | Received a gift from Okawaru
 11639 | Lair:4   | 11639 ||| RETREEEEATING.
 11640 | Lair:4   | 11640 ||| RETREEEEATING.
 11641 | Lair:4   | 11641 ||| RETREEEEATING.
 11642 | Lair:4   | 11642 ||| RETREEEEATING.
 11643 | Lair:4   | 11643 ||| RETREEEEATING.
 11696 | Lair:4   | Reached skill level 16 in Dodging
 11783 | Lair:4   | 11783 ||| RETREEEEATING.
 11784 | Lair:4   | 11784 ||| RETREEEEATING.
 11791 | Lair:4   | 11791 ||| RETREEEEATING.
 11792 | Lair:4   | 11792 ||| RETREEEEATING.
 11809 | Lair:4   | Reached XP level 13. HP: 64/65 MP: 21/21
 11826 | Lair:4   | 11826 ||| READING scroll of enchant armour.
 11826 | Lair:4   | 11826 ||| ENCHANTING +1 cloak.
 11862 | Lair:4   | 11862 ||| RETREEEEATING.
 11863 | Lair:4   | 11863 ||| RETREEEEATING.
 11865 | Lair:4   | 11865 ||| RETREEEEATING.
 11866 | Lair:4   | 11866 ||| RETREEEEATING.
 11869 | Lair:4   | 11869 ||| RETREEEEATING.
 11870 | Lair:4   | 11870 ||| RETREEEEATING.
 11871 | Lair:4   | 11871 ||| RETREEEEATING.
 11872 | Lair:4   | 11872 ||| RETREEEEATING.
 11936 | Lair:4   | 11936 ||| RETREEEEATING.
 12428 | Lair:4   | 12428 ||| RETREEEEATING.
 12429 | Lair:4   | 12429 ||| RETREEEEATING.
 12434 | Lair:4   | Reached skill level 15 in Ranged Weapons
 12813 | Lair:4   | 12813 ||| READING scroll of identify.
 12813 | Lair:4   | 12813 ||| IDENTIFYING scroll labelled GOANKU NUCUTT
 12814 | Lair:4   | 12814 ||| DROPPING scroll of silence.
 12850 | Lair:5   | Entered Level 5 of the Lair of Beasts
 12851 | Lair:5   | 12851 ||| RETREEEEATING.
 12852 | Lair:5   | 12852 ||| RETREEEEATING.
 12860 | Lair:5   | Reached ****** piety under Okawaru
 12861 | Lair:5   | 12861 ||| INVOKING Receive Weapon.
 12861 | Lair:5   | 12861 ||| ACQUIRING +1 arbalest of flaming
 12861 | Lair:5   | Acquired a +1 arbalest of flaming
 12861 | Lair:5   | Received a gift from Okawaru
 12862 | Lair:5   | 12862 ||| INVOKING Receive Armour.
 12862 | Lair:5   | 12862 ||| ACQUIRING +2 robe "Muasoes" {rF+ Regen+ Slay+2
                  | Stlth+}
 12862 | Lair:5   | Acquired the +2 robe "Muasoes" {rF+ Regen+ Slay+2 Stlth+}
 12862 | Lair:5   | Received a gift from Okawaru
 12879 | Lair:5   | 12879 ||| INVOKING Finesse.
 12882 | Lair:5   | 12882 ||| RETREEEEATING.
 12883 | Lair:5   | 12883 ||| RETREEEEATING.
 12888 | Lair:5   | 12888 ||| RETREEEEATING.
 12889 | Lair:5   | 12889 ||| RETREEEEATING.
 12890 | Lair:5   | Received a gift from Okawaru
 12899 | Lair:5   | 12899 ||| RETREEEEATING.
 12921 | Lair:5   | Reached skill level 17 in Dodging
 13048 | Lair:5   | Found a staircase to the Slime Pits.
 13081 | Lair:5   | Noticed Snorg
 13082 | Lair:5   | 13082 ||| INVOKING Finesse.
 13088 | Lair:5   | Killed Snorg
 13163 | Lair:5   | 13163 ||| INVOKING Finesse.
 13221 | Lair:5   | 13221 ||| RETREEEEATING.
 13232 | Lair:5   | 13232 ||| RETREEEEATING.
 13233 | Lair:5   | 13233 ||| RETREEEEATING.
 13236 | Lair:5   | Received a gift from Okawaru
 13276 | Lair:5   | 13276 ||| RETREEEEATING.
 13292 | Lair:5   | 13292 ||| INVOKING Finesse.
 13302 | Lair:5   | 13302 ||| INVOKING Heroism.
 13305 | Lair:5   | HP: 12/65 [spriggan rider/+0 spear (5)]
 13306 | Lair:5   | 13306 ||| READING 4 scrolls of teleportation.
 13307 | Lair:5   | 13307 ||| DRINKING 4 potions of heal wounds.
 13517 | Lair:5   | 13517 ||| RETREEEEATING.
 13518 | Lair:5   | 13518 ||| RETREEEEATING.
 13579 | Lair:5   | 13579 ||| INVOKING Finesse.
 13580 | Lair:5   | 13580 ||| INVOKING Heroism.
 14152 | Lair:5   | 14152 ||| PLANNING D:1-11
 14152 | Lair:5   | 14152 ||| UPGRADING to +2 robe "Muasoes" {rF+ Regen+ Slay+2
                  | Stlth+}.
 14162 | Lair:5   | 14162 ||| DROPPING amulet of magic regeneration.
 14163 | Lair:5   | 14163 ||| READING scroll labelled XAT ZOPUAXTIUN.
 14164 | Lair:5   | 14164 ||| DROPPING scroll of blinking.
 14298 | D:10     | Entered Level 10 of the Dungeon
 14301 | D:10     | 14301 ||| RETREEEEATING.
 14302 | D:10     | 14302 ||| RETREEEEATING.
 14304 | D:10     | Reached skill level 18 in Dodging
 14304 | D:10     | Reached XP level 14. HP: 72/72 MP: 22/22
 14309 | D:10     | 14309 ||| RETREEEEATING.
 14310 | D:10     | 14310 ||| RETREEEEATING.
 14311 | D:10     | 14311 ||| RETREEEEATING.
 14312 | D:10     | 14312 ||| RETREEEEATING.
 14313 | D:10     | 14313 ||| RETREEEEATING.
 14390 | D:10     | Found a staircase to the Orcish Mines.
 15016 | D:10     | Found a runed translucent gate.
 15016 | D:10     | Found a runed translucent gate.
 15016 | D:10     | Found a runed translucent gate.
 15016 | D:10     | Noticed qw's ghost (novice DEHu)
 15018 | D:10     | 15018 ||| DROPPING ring of wizardry.
 15019 | D:10     | Found a basalt altar of Yredelemnul.
 15073 | D:10     | Found a broken altar of Ashenzari.
 15378 | D:10     | 15378 ||| READING scroll of identify.
 15378 | D:10     | 15378 ||| IDENTIFYING golden potion
 15439 | D:11     | Identified the +2 flail of Doors {antimagic, *Corrode rPois
                  | Will++}
 15468 | D:11     | 15468 ||| RETREEEEATING.
 15471 | D:11     | 15471 ||| RETREEEEATING.
 15619 | D:11     | Noticed Fannar
 15629 | D:11     | Killed Fannar
 15633 | D:11     | Received a gift from Okawaru
 15693 | D:11     | Found a frozen archway.
 16268 | D:11     | 16268 ||| PLANNING D
 16268 | D:11     | 16268 ||| READING scroll of identify.
 16268 | D:11     | 16268 ||| IDENTIFYING 2 brown potions
 16269 | D:11     | 16269 ||| DROPPING 2 potions of degeneration.
 16352 | D:12     | 16352 ||| RETREEEEATING.
 16353 | D:12     | 16353 ||| RETREEEEATING.
 16354 | D:12     | 16354 ||| RETREEEEATING.
 16359 | D:12     | 16359 ||| INVOKING Finesse.
 16366 | D:12     | HP: 17/72 [meliai/divine providence (17)]
 16367 | D:12     | 16367 ||| READING 6 scrolls of teleportation.
 16368 | D:12     | 16368 ||| DRINKING 4 potions of heal wounds.
 16368 | D:12     | HP: 3/72 [meliai/divine providence (14)]
 16368 | D:12     | Mangled by a skeletal warrior

Levels and vault maps discovered:
D:1:      elethiomel_arrival_infinity_welcomes_careful_drivers, layout_basic
D:2:      layout_loops_corners, serial_bayou, serial_bayou_ford_a,
          serial_bayou_pond_e, serial_bayou_lagoon_b, serial_bayou_lake_a,
          basic_altar, serial_bayou_crossing, uniq_crazy_yiuf_cottage
D:3:      layout_loops_ring, gammafunk_temple_overflow_statue,
          shapermc_ecumenical_altar_mp_vishouse, uniq_sigmund
D:4:      cheibrodos_barr_body, layout_gridville, serial_shops, shop
D:5:      layout_layer_cave, minmay_temple_entry_gardened_gates,
          due_unseen_surprise
D:6:      kennysheep_windowed_halls, layout_cave_pools,
          kennysheep_cluttered_room, minmay_crossroads
D:7:      layout_gridville, serial_shops, shop, shop, uniq_maggie
D:8:      cheibrodos_steamvent, layout_basic, lemuel_round_altar
D:9:      layout_roguey [special_room_orc], lightli_temple_of_fire,
          erik_lair_island, serial_ice, serial_ice_k, serial_ice_d,
          serial_ice_e, serial_ice_g, serial_ice_f, serial_ice_o, serial_shops,
          shop, minivault_5
D:10:     layout_loops_corners, nicolae_yredelemnul_ghost_church,
          marbit_many_paths, hiddenorc1_lemuel, special_room [special_room_bee]
D:11:     cheibrodos_fzero, layout_stronghold, portal_ice_cave_entry_pillars_1,
          uniq_fannar
D:12:     layout_roguey, minmay_misc_feat_five, nicolae_sextant,
          trog_three_pillars_becter
Temple:   nicolae_temple_slightly_damp_pantheon
Lair:1:   layout_small_grid, amcnicky_mini_pool_medium
Lair:2:   layout_hall_layers, spider_nest_entry_a, uniq_nergalle
Lair:3:   layout_small_grid, minmay_swamp_entry_wisps, wad_woods_river_04,
          grunt_megastairs_1, infiniplex_staircase_pool_2
Lair:4:   wad_woods_04, layout_layer_cave
Lair:5:   minmay_lair_end_enchanted_forest, layout_misc_corridors,
          slime_entry_1, nicolae_quartered_pool_little, kennysheep_rathole,
          uniq_snorg

Skill      XL: |  1  2  3  4  5  6  7  8  9 10 11 12 13 14 |
---------------+-------------------------------------------+-----
Dodging        | 3 4 7 8 9 11 13 14 16 18 | 18.5
Ranged Weapons | 5 6 8 9 10 11 12 14 16 17 | 17.0
Fighting       | 2 3 4 5 6 7 |  7.0
Invocations    | 4 6 9 10 | 10.0
Armour         | 1 2 |  2.0
Stealth        | |  1.5

Action                     |  1- 3 |  4- 6 |  7- 9 | 10-12 | 13-15 || total
---------------------------+-------+-------+-------+-------+-------++-------
   Fire: Shortbow          |   112 |       |       |       |       ||   112
         Hand cannon       |     8 |    70 |   174 |   674 |   534 ||  1460
 Invoke: Heroism           |       |       |     3 |     1 |     2 ||     6
         Finesse           |       |       |       |     5 |     6 ||    11
         Receive Weapon    |       |       |       |       |     1 ||     1
         Receive Armour    |       |       |       |       |     1 ||     1
    Use: Scroll            |     5 |     2 |    13 |     9 |     7 ||    36
         Potion            |       |       |     1 |     2 |     2 ||     5
 Armour: Robe              |    13 |    13 |    21 |       |    20 ||    67
         Steam dragon scal |       |       |     7 |   122 |    40 ||   169
  Dodge: Dodged            |    46 |    46 |   102 |   612 |   371 ||  1177

Table legend:
 A = Non-vault XP
 B = Vault XP
 C = Vault XP percentage of total XP
 D = Non-vault monster count
 E = Vault monster count
 F = Vault count percentage of total count
                 A         B        C        D         E       F
            +---------+---------+-------+---------+---------+-------
      Total |   51263 |   27619 |  35.0 |     367 |     216 |  37.0
            +---------+---------+-------+---------+---------+-------
        D:1 |      42 |       0 |   0.0 |      25 |       0 |   0.0
        D:2 |      43 |       0 |   0.0 |      12 |       0 |   0.0
        D:3 |      87 |     231 |  72.6 |      20 |       1 |   4.8
        D:4 |     270 |     440 |  62.0 |      20 |      15 |  42.9
        D:5 |     642 |       0 |   0.0 |       9 |       0 |   0.0
        D:6 |     529 |    1779 |  77.1 |      21 |      21 |  50.0
        D:7 |    1090 |     385 |  26.1 |      18 |       1 |   5.3
        D:8 |    2067 |     366 |  15.0 |      27 |       2 |   6.9
        D:9 |    2674 |    3862 |  59.1 |      32 |      51 |  61.4
       D:10 |    1506 |    1644 |  52.2 |      18 |      35 |  66.0
       D:11 |    3749 |    6250 |  62.5 |      17 |      16 |  48.5
       D:12 |    1585 |       0 |   0.0 |       3 |       0 |   0.0
     Lair:1 |    1804 |     445 |  19.8 |       8 |       3 |  27.3
     Lair:2 |    5596 |    1462 |  20.7 |      32 |       4 |  11.1
     Lair:3 |    5391 |    1352 |  20.1 |      20 |      13 |  39.4
     Lair:4 |   12761 |       0 |   0.0 |      52 |       0 |   0.0
     Lair:5 |   11427 |    9403 |  45.1 |      33 |      54 |  62.1
            +---------+---------+-------+---------+---------+-------
